 Dungeon Crawl Stone Soup version 0.31-a0-174-g85c54bcb58 (webtiles) character file.

Game seed: 3369597346826521296

32 qw the Shooter (level 3, -1/22 HPs)
             Began as a Gargoyle Hunter on June 15, 2023.
             Slain by a goblin
             ... wielding a +2 dagger of draining
             ... led by Robin
              (2 damage)
             ... on level 2 of the Dungeon.
             The game lasted 00:00:24 (815 turns).

qw the Shooter (Gargoyle Hunter)                     Turns: 815, Time: 00:00:24

Health: -1/22      AC:  7    Str: 14    XL:     3   Next: 27%
Magic:  3/3        EV: 11    Int:  9    God:
Gold:   39         SH:  0    Dex: 15    Spells: 2/2 levels left

rFire   . . .        Y - +0 shortbow
rCold   . . .        (shield currently unavailable)
rNeg    + . .        c - +0 leather armour
rPois   inf          (no helmet)
rElec   +            (no cloak)
rCorr   .            e - +0 pair of gloves
SInv    .            (no boots)
Will    .....        (no amulet)
Stlth   ++           (no ring)
HPRegen 0.23/turn    (no ring)
MPRegen 0.08/turn

%: no passive effects
@: no status effects
A: sickness immunity, AC +3, negative energy resistance 1, electricity
resistance, torment resistance 1, petrification resistance
a: no special abilities


You were on level 2 of the Dungeon.
You visited 1 branch of the dungeon, and saw 2 of its levels.

You collected 39 gold pieces.


Innate Abilities, Weirdness & Mutations

You are immune to sickness and miasma.
Your stone body is resilient. (AC +3)
You are immune to poison.
You resist negative energy. (rN+)
You are resistant to electric shocks. (rElec)
You are resistant to unholy torment.
You are immune to petrification.


   Skills:
 + Level 2.4 Fighting
 - Level 5.0 Ranged Weapons
 - Level 1.5 Dodging
 - Level 1.1 Stealth


You had 2 spell levels left.
You didn't know any spells.
Your spell library was empty.

Inventory:

Hand Weapons
 Y - a +0 shortbow (weapon)
Armour
 c - a +0 leather armour (worn)
 e - a +0 pair of gloves (worn)
Scrolls
 d - 3 scrolls of fear {unknown}
 f - a scroll of identify {unknown}
Potions
 a - 3 potions of curing {unknown}
 b - a potion of ambrosia {unknown}
 g - a potion of degeneration {unknown}

Dungeon Overview and Level Annotations

Branches:
Dungeon (2/15)

Altars:

Annotations:
D:2 Robin


Message History

The goblin shouts!
The arrow hits the kobold.
You kill the kobold!
You shoot an arrow. The arrow closely misses the goblin.
A hobgoblin comes into view.
You shoot an arrow. The arrow barely misses the goblin.
The hobgoblin shouts!
Robin of the Strong Arm comes into view.
They are wielding a +0 spear.
The hobgoblin hits you but does no damage.
The goblin hits you but does no damage.
You shoot an arrow. The arrow barely misses the goblin.
Robin shouts!
Robin roars a battlecry!
The goblins go into a battle-frenzy!
The hobgoblin barely misses you. The goblin misses you.
The goblin barely misses you. The goblin hits you with a +0 club.
The goblin closely misses you. The hobgoblin barely misses you.
The goblin barely misses you.
You shoot an arrow. The arrow hits the goblin.
The goblin is heavily wounded.
The hobgoblin closely misses you. x2; The goblin hits you but does no damage.
The goblin hits you with a +0 club. The goblin hits you but does no damage.
You shoot an arrow. The arrow hits the goblin!
You kill the goblin!
The goblin hits you with a +2 dagger of draining.
The goblin misses you. The hobgoblin misses you.
You shoot an arrow. The arrow closely misses the hobgoblin.
The goblin misses you. The goblin hits you with a +0 club.
The hobgoblin barely misses you. The hobgoblin closely misses you.
The hobgoblin barely misses you.
You shoot an arrow. The arrow closely misses the hobgoblin.
The goblin barely misses you. The goblin hits you with a +0 club.
The hobgoblin closely misses you. The goblin closely misses you.
The hobgoblin hits you.
The hobgoblin hits you but does no damage.
Robin throws the goblin at you! The goblin hits you with a +0 dagger.
You shoot an arrow. The arrow hits the goblin.
The goblin is moderately wounded.
The goblin hits you with a +2 dagger of draining.
You die...

#..#.....#.....
##..#.#.###.....
#.....#.# ####.#
#...#.#.# #.#
########...#...# #..
##......#...##..# ##.
#.....)...#.##..# #####.
......ggg.#.##..# #.....
.....gg@g.#..#..###.####
......ggg.##.##.....# #
..........##..#.##### #
.......g..###<..# .
#........## ##..# ..
.......... #..# ..
.......... ##.# ...
..........# ###


You could see Robin, 4 hobgoblins and 5 goblins.

Vanquished Creatures
  A dart slug (D:1)
  An endoplasm (D:1)
  4 goblins
  5 hobgoblins
  4 jackals (D:2)
  3 ball pythons (D:1)
  A bat (D:1)
  3 frilled lizards
  2 kobolds (D:2)
  4 rats (D:1)
28 creatures vanquished.

Notes
Turn   | Place    | Note
-------+----------+-------------------------------------------
     0 | D:1      | qw the Gargoyle Hunter began the quest for the Orb.
     0 | D:1      | Reached XP level 1. HP: 12/12 MP: 1/1
     0 | D:1      | 0 ||| qw: Version: 0.2-a-29-g511e9b1
     0 | D:1      | 0 ||| qw: Game counter: 5490
     0 | D:1      | 0 ||| qw: Always use a shield: true
     0 | D:1      | 0 ||| qw: God list: Okawaru
     0 | D:1      | 0 ||| qw: Allow faded altars: false
     0 | D:1      | 0 ||| qw: Do Orc after D:15 true
     0 | D:1      | 0 ||| qw: Do second Lair branch before Depths: true
     0 | D:1      | 0 ||| qw: Lair rune preference: random
     0 | D:1      | 0 ||| qw: Plans: Normal, Zot:1-4, Slime:5, God:TSO, Crypt,
                  | Tomb, Abyss, Pan, Hells, Win
     0 | D:1      | 0 ||| PLANNING D:1-11
   215 | D:1      | Reached XP level 2. HP: 17/17 MP: 2/2
   441 | D:1      | 441 ||| UPGRADING to +0 pair of gloves.
   446 | D:1      | 446 ||| READING scroll labelled ULURULL KELL.
   547 | D:1      | 547 ||| READING 2 scrolls labelled ROUFAL DASOMN.
   548 | D:1      | 548 ||| DROPPING scroll of butterflies.
   549 | D:1      | 549 ||| DROPPING scroll of fog.
   594 | D:2      | Reached XP level 3. HP: 20/21 MP: 3/3
   611 | D:2      | Reached skill level 5 in Ranged Weapons
   809 | D:2      | Noticed Robin
   814 | D:2      | HP: 4/22 [goblin/+0 club[Robin] (6)]
   814 | D:2      | HP: 1/22 [goblin/+0 dagger[Robin] (2)]
   815 | D:2      | Slain by a goblin

Levels and vault maps discovered:
D:1:      heliophobic_arrival_battle_scene, layout_rooms
D:2:      layout_rooms, minmay_misc_feat_ornament, uniq_robin

Skill      XL: |  1  2  3 |
---------------+----------+-----
Ranged Weapons | 5 |  5.0
Fighting       | |  2.4
Dodging        | |  1.5
Stealth        | |  1.1

Action                     || total
---------------------------++-------
   Fire: Shortbow          ||   108
    Use: Scroll            ||     2
 Armour: Leather armour    ||    30
  Dodge: Dodged            ||    51

Table legend:
 A = Non-vault XP
 B = Vault XP
 C = Vault XP percentage of total XP
 D = Non-vault monster count
 E = Vault monster count
 F = Vault count percentage of total count
                 A         B        C        D         E       F
            +---------+---------+-------+---------+---------+-------
      Total |      45 |       2 |   4.3 |      27 |       1 |   3.6
            +---------+---------+-------+---------+---------+-------
        D:1 |      27 |       0 |   0.0 |      17 |       0 |   0.0
        D:2 |      18 |       2 |  10.0 |      10 |       1 |   9.1
            +---------+---------+-------+---------+---------+-------
